 Dungeon Crawl Stone Soup version 0.17-a0-1711-gc5340a3 (webtiles) character file.

45 kae the Firebug (level 3, -1/19 HPs)
             Began as a Tengu Fire Elementalist on Aug 22, 2015.
             Succumbed to a scorpion's poison
             ... on level 3 of the Dungeon.
             The game lasted 00:01:55 (2000 turns).

kae the Firebug (Tengu Fire Elementalist)           Turns: 2000, Time: 00:01:55

Health: -1/19      AC:  2    Str:  8    XL:     3   Next: 64%
Magic:  0/7        EV: 12    Int: 16    God:
Gold:   79         SH:  0    Dex: 14    Spells: 2 memorised, 3 levels left

rFire  . . .     SeeInvis .     h - +0 spear
rCold  . . .     Clarity  .     a - +0 robe
rNeg   . . .     SustAt   .     (no shield)
rPois  .         Gourm    .     (helmet restricted)
rElec  .         Spirit   .     (no cloak)
rCorr  .         Warding  .     (no gloves)
rMut   .         Stasis   .     (boots unavailable)
MR     .....                    (no amulet)
Stlth  ++........               (no ring)
                                (no ring)

@: lethally poisoned (-1 -> -21), not resistant to hostile enchantments,
unstealthy
A: beak, talons 3
a: no special abilities


You were on level 3 of the Dungeon.
You were not hungry.

You visited 1 branch of the dungeon, and saw 3 of its levels.

You collected 79 gold pieces.

Inventory:

Hand weapons
 f - a +0 short sword
 h - a +0 spear (weapon)
Armour
 a - a +0 robe (worn)
Scrolls
 d - a scroll of amnesia {unknown}
 e - 4 scrolls of identify {unknown}
 i - a scroll of remove curse {unknown}
 j - a scroll of enchant weapon {unknown}
 l - a scroll of enchant armour {unknown}
 p - a scroll of teleportation {unknown}
Potions
 k - a potion of heal wounds {unknown}
 o - a potion of beneficial mutation {unknown}
Books
 b - a book of Flames

   Spells                             Type                      Level
   a - Flame Tongue                   Conjuration/Fire             1
   b - Throw Flame                    Conjuration/Fire             2
   c - Conjure Flame                  Conjuration/Fire             3
   d - Inner Flame                    Hexes/Fire                   3
   e - Sticky Flame                   Conjuration/Fire             4
   f - Fireball                       Conjuration/Fire             5
 m - a book of Maledictions

   Spells                             Type                      Level
   a - Corona                         Hexes                        1
   b - Ensorcelled Hibernation        Hexes/Ice                    2
   c - Confuse                        Hexes                        3
   d - Tukima's Dance                 Hexes                        3
   e - Dazzling Spray                 Conjuration/Hexes            3
Comestibles
 c - 2 bread rations
 g - 2 meat rations
 n - a chunk of flesh


   Skills:
 - Level 2.1 Dodging
 - Level 2.0 Stealth
 - Level 2.0 Spellcasting
 - Level 1.3 Conjurations
 + Level 5.0 Fire Magic


You had 3 spell levels left.
You knew the following spells:

 Your Spells              Type           Power        Failure   Level  Hunger
a - Flame Tongue          Conj/Fire      ##...        8%          1    #......
b - Throw Flame           Conj/Fire      ##....       10%         2    ###....


Dungeon Overview and Level Annotations

Branches:
Dungeon (3/15)

Altars:


Innate Abilities, Weirdness & Mutations

You have a beak for a mouth.
You have claws for feet.


Message History

The scorpion is heavily wounded.
* * * LOW HITPOINT WARNING * * *
You feel sick. The scorpion closely misses you.
Casting: Flame Tongue
Confirm with . or Enter, or press ? or * to list all spells.
Aiming: Flame Tongue
Press: ? - help, Shift-Dir - straight line, f/p - scorpion
Aim: a scorpion (heavily wounded)
The flame tongue hits the scorpion.
The scorpion is severely wounded.
* * * LOW HITPOINT WARNING * * *
You feel sick. The scorpion completely misses you.
Casting: Flame Tongue
Confirm with . or Enter, or press ? or * to list all spells.
Aiming: Flame Tongue
Press: ? - help, Shift-Dir - straight line, f/p - scorpion
Aim: a scorpion (severely wounded)
The flame tongue hits the scorpion.
The scorpion is almost dead.
You die...

#. .. #.# ##.# #.#
####... #.# #....# #.#
#....# ###.######....###
#
#...............#####.>.#
#...............@s......#
#...###.........####....#
#...# ####...#### ...
#..<# #........ +
....######...#####
...........###
..<.######## ....######
..........


You could see a scorpion.

Vanquished Creatures
  An adder (D:2)
  A giant gecko (D:1)
  An orc (D:3)
  A giant cockroach (D:2)
  4 goblins
  7 hobgoblins
  2 quokkas (D:2)
  2 ball pythons
  5 bats
  4 giant newts
  3 kobolds
  5 rats
36 creatures vanquished.

Notes
Turn   | Place    | Note
--------------------------------------------------------------
     0 | D:1      | kae the Tengu Fire Elementalist began the quest for the Orb.
     0 | D:1      | Reached XP level 1. HP: 10/10 MP: 4/4
   416 | D:1      | Reached XP level 2. HP: 13/15 MP: 6/6
   560 | D:1      | Reached skill level 4 in Fire Magic
  1005 | D:2      | Learned a level 2 spell: Throw Flame
  1398 | D:2      | Reached XP level 3. HP: 19/19 MP: 7/7
  1806 | D:3      | Reached skill level 5 in Fire Magic
  1989 | D:3      | Noticed a scorpion
  2000 | D:3      | Succumbed to a scorpion's poison

Vault maps used:
D:1:      lemuel_arrival_room
D:2:      first_bread
D:3:      kennysheep_big_flooded_room, ecumenical_altar_2

Action                   || total
-------------------------++-------
Melee: Short sword       ||    10
       Spear             ||    46
 Cast: Flame Tongue      ||    30
       Throw Flame       ||     1
 Stab: Sleeping          ||     5
  Eat: Chunk             ||     4
